Match 25746604
Unlisted

Match 25746604
End
Construct Infanterie Kompanie
Selects Luftwaffe Battlegroup
Selects Luftwaffe Pioneer Support
Fallschirmpioneer Squad Paradrop
MG 42 Machine Gun Team
Fallschirmpioneer Squad Paradrop
MG 42 Machine Gun Team
Selects Stuka Strafing Run
Selects Fallschirmjäger Squad Paradrop
Fallschirmjäger Squad Paradrop
Stuka Strafing Run
Medical Station
Construct Panzergrenadier Kompanie
Selects LG40 Recoilless Gun Paradrop
LG40 Recoilless Gun Paradrop
Fallschirmjäger Squad Paradrop
Stuka Strafing Run
Construct Panzer Kompanie
Stuka Strafing Run
Fallschirmjäger Squad Paradrop
Selects Infantry Reserves
Panzer Officer Quarters
Panzer IV Medium Tank
Panzer IV Medium Tank
Side Skirts
Stuka Strafing Run
Stoßtruppen Squad
Selects Stuka Loiter
Stuka Strafing Run
Fallschirmpioneer Squad Paradrop
Fallschirmpioneer Squad Paradrop
Support Elements
Panzer IV Medium Tank
Stuka Strafing Run
Construct Luftwaffe Kompanie
Stuka Loiter
Marder III M Tank Destroyer
Marder III M Tank Destroyer
Stuka Strafing Run
Fallschirmjäger Squad Paradrop
Ohmic
Warden
Legendaryfish45
TidaL
Ratcommando
Orcas
0
0

Comments sign in to comment!

No comments posted yet!